 Dungeon Crawl Stone Soup version 0.28-a0-105-g49a0850c41 (webtiles) character file.

Game seed: 4234801330533067910

523 Rennog the Skirmisher (level 7, -6/91 HPs)
             Began as a Demonspawn Berserker on Aug 12, 2021.
             Was a Believer of Trog.
             Mangled by a scorpion (7 damage)
             ... on level 5 of the Dungeon.
             The game lasted 00:05:23 (3591 turns).

Rennog the Skirmisher (Demonspawn Berserker)        Turns: 3591, Time: 00:05:24

Health: -6/91      AC:  8    Str: 19    XL:     7   Next: 2%
Magic:  7/7        EV:  7    Int:  8    God:    Trog [**....]
Gold:   124        SH:  0    Dex: 13    Spells: 6/6 levels left

rFire   . . .      SeeInvis .   j - +0 falchion (vamp)
rCold   . . .      Faith    .   (no shield)
rNeg    + . .      Spirit   .   s - +0 chain mail
rPois   .          Reflect  .   (no helmet)
rElec   .          Harm     .   (no cloak)
rCorr   .          Rampage  .   (no gloves)
Will    .....                   (no boots)
Stlth   ..........              o - amulet of the acrobat
HPRegen 0.25/turn               m - ring of positive energy
MPRegen 0.10/turn               (no ring)

@: berserking (expiring), lethally poisoned (-6 -> -11), very quick
A: hooves 2, powered by pain 1
a: Renounce Religion, Berserk, Trog's Hand


You were on level 5 of the Dungeon.
You worshipped Trog.
Trog was pleased with you.
You visited 1 branch of the dungeon, and saw 5 of its levels.

You collected 124 gold pieces.

Inventory:

Hand Weapons
 a - a +0 falchion
 j - a +0 vampiric falchion (weapon)
Armour
 b - a +0 animal skin
 g - a +0 ring mail
 s - a +0 chain mail (worn)
Jewellery
 m - a ring of positive energy (left hand)
 o - an amulet of the acrobat (around neck)
Wands
 v - a wand of flame (12)
Scrolls
 c - 4 scrolls of teleportation {unknown}
 e - 2 scrolls of blinking {unknown}
 i - 2 scrolls of identify {unknown}
 p - a scroll of amnesia {unknown}
 q - a scroll of torment {unknown}
 r - a scroll of enchant weapon {unknown}
 t - a scroll of fear {unknown}
 u - a scroll of immolation {unknown}
Potions
 d - a potion of invisibility {unknown}
 f - 2 potions of ambrosia {unknown}
 h - 3 potions of curing {unknown}
 k - a potion of brilliance {unknown}
 l - a potion of attraction {unknown}
 n - 2 potions of heal wounds {unknown}


   Skills:
 + Level 7.7 Fighting
 + Level 3.4 Long Blades
 - Level 1.7 Armour
 - Level 1.7 Dodging


You had 6 spell levels left.
You didn't know any spells.
Your spell library was empty.

Dungeon Overview and Level Annotations

Branches:
Dungeon (5/15)             Temple (0/1) D:4

Altars:
Zin

Shops:
D:3 *


Innate Abilities, Weirdness & Mutations

You have hoof-like feet.
You sometimes gain a little power by taking damage.


Message History

* * * LOW HITPOINT WARNING * * *
You are more poisoned.
The scorpion poisons you!
You barely miss the orc wizard. You kick the orc wizard.
The orc wizard is lightly wounded.
You feel very sick.
The scorpion stings you but does no damage.
The orc hits you but does no damage.
You slash the orc wizard!
You kill the orc wizard!
Trog accepts your kill.
Trog appreciates your killing of a magic user.
You feel sick. The scorpion misses you.
Unknown command.
You feel sick. The orc priest misses you.
An orc wizard comes into view. It is wielding a +0 dagger.
Things that are here:
a +0 dagger; a +0 robe; an orc corpse You barely miss the orc priest.
You kick the orc priest.
The orc priest is lightly wounded.
You feel sick. The scorpion stings you.
* * * LOW HITPOINT WARNING * * *
The orc priest hits you with a +0 mace.
* * * LOW HITPOINT WARNING * * *
An orc wizard comes into view. It is wielding a +0 dagger.
You slash the orc priest! You kick the orc priest.
You kill the orc priest!
Trog accepts your kill.
* * * LOW HITPOINT WARNING * * *
You feel sick. The orc hits you but does no damage. The scorpion stings you.
* * * LOW HITPOINT WARNING * * *
You have reached level 7!
Your demonic ancestry asserts itself...
Your feet thicken and deform.
You hit the scorpion.
The scorpion is almost dead.
* * * LOW HITPOINT WARNING * * *
You feel sick. The orc hits you but does no damage. x2
The scorpion stings you!
You die...

. ..... . o.... .
##############o....
######..................
#....'..................
#....#..........o[......
#....#.........oso......
##'###.........o@)......
..........#'############
..........+..?.....
..........#........
..........#........
..........#........
..........#+#####+#
##+####'#.<.......
#...#.........


You could see a scorpion, 3 orc wizards and 3 orcs.

Vanquished Creatures
  Sigmund (D:2)
  An ogre (D:3)
  A scorpion (D:4)
  An orc priest (D:5)
  Terence (D:2)
  2 orc wizards
  Robin (D:2)
  5 adders
  An adder skeleton (D:4)
  A worm (D:4)
  A dart slug (D:3)
  3 orcs (D:4)
  3 bats
  4 endoplasms
  A giant cockroach (D:1)
  12 goblins
  6 hobgoblins
  4 jackals (D:1)
  2 quokkas
  6 ball pythons
  8 frilled lizards
  4 kobolds
  3 rats
72 creatures vanquished.

Vanquished Creatures (others)
  3 plants (D:1)
3 creatures vanquished.

Grand Total: 75 creatures vanquished

Notes
Turn   | Place    | Note
-------+----------+-------------------------------------------
     0 | D:1      | Rennog the Demonspawn Berserker began the quest for the
                  | Orb.
     0 | D:1      | Reached XP level 1. HP: 18/18 MP: 1/1
    19 | D:1      | Gained mutation: You have large cloven feet. [demonic
                  | ancestry]
    19 | D:1      | Reached XP level 2. HP: 24/24 MP: 2/2
   818 | D:2      | Reached skill level 4 in Fighting
   840 | D:2      | Noticed Robin
  1083 | D:1      | Gained mutation: You sometimes gain a little power by
                  | taking damage. [demonic ancestry]
  1083 | D:1      | Reached XP level 3. HP: 7/31 MP: 3/3
  1509 | D:2      | Killed Robin
  1600 | D:2      | Reached skill level 5 in Fighting
  1600 | D:2      | Reached XP level 4. HP: 14/39 MP: 4/4
  1601 | D:2      | Found a faded altar of an unknown god.
  1817 | D:2      | Reached ** piety under Trog
  2009 | D:2      | Noticed Terence
  2024 | D:2      | Killed Terence
  2255 | D:2      | Noticed Sigmund
  2262 | D:2      | Killed Sigmund
  2263 | D:2      | Reached skill level 6 in Fighting
  2263 | D:2      | Reached XP level 5. HP: 47/47 MP: 5/5
  2263 | D:2      | Reached XP level 6. HP: 53/53 MP: 6/6
  2357 | D:3      | Reached skill level 7 in Fighting
  2682 | D:3      | Found Zin's Purification Station.
  2901 | D:4      | Found a staircase to the Ecumenical Temple.
  3542 | D:5      | Entered Level 5 of the Dungeon
  3590 | D:5      | HP: 4/82 [poisoned by a scorpion]
  3590 | D:5      | HP: 1/82 [scorpion (3)]
  3591 | D:5      | Gained mutation: You have hoof-like feet. [demonic
                  | ancestry]
  3591 | D:5      | Reached XP level 7. HP: 1/61 MP: 7/7
  3591 | D:5      | Mangled by a scorpion

Illustrated notes

Levels and vault maps discovered:
D:1:      lightli_arrival_statuegarden, layout_rooms, serial_bayou_pond_b,
          hex_medium
D:2:      layout_rooms, chequers_ecumenical_altar_simple, uniq_sigmund,
          uniq_terence, uniq_robin
D:3:      layout_basic, zin_purify, moated_statue, kennysheep_generic_room_10
D:4:      layout_rooms, temple_pool_b, kennysheep_generic_room_16
D:5:      layout_gridville, nicolae_hepliaklqana_hippocampus,
          nicolae_wu_jian_immortal_techniques, grunt_ministairs_12,
          kennysheep_nondescript

Skill      XL: |  1  2  3  4  5  6 |
---------------+-------------------+-----
Fighting       | 4 5 6 7 |  7.7
Long Blades    | 3 |  3.4
Armour         | |  1.7
Dodging        | |  1.7

Action                   |  1- 3 |  4- 6 |  7- 9 || total
-------------------------+-------+-------+-------++-------
Melee: Falchion          |    67 |   113 |     1 ||   181
       Kick              |    11 |    40 |       ||    51
Invok: Berserk           |     5 |     5 |       ||    10
Armor: Animal skin       |    10 |       |       ||    10
       Ring mail         |    17 |    13 |       ||    30
       Chain mail        |       |    42 |     2 ||    44
Dodge: Dodged            |    47 |    61 |       ||   108
       Rpst.: Falchion   |    16 |    13 |       ||    29

Table legend: (Time is in decaauts)
 A = Elapsed time spent in this place.
 B = Non-inter-level travel time spent in this place.
 C = Inter-level travel time spent in this place.
 D = Time resting spent in this place.
 E = Time spent auto-exploring this place.
 F = Levels seen in this place.
 G = Mean time per level.
                   A        B        C        D        E       F      G
               +--------+--------+--------+--------+--------+-----+--------+
         Total |   3719 |   3505 |    214 |    584 |   2437 |   5 |  743.8 |
       Dungeon |   3719 |   3505 |    214 |    584 |   2437 |   5 |  743.8 |
               +--------+--------+--------+--------+--------+-----+--------+

Top non-repeatable levels by time:
     D:1: 1251 daAuts
     D:2: 1210 daAuts
     D:4: 650 daAuts
     D:3: 559 daAuts
     D:5: 47 daAuts
